 Dungeon Crawl Stone Soup version 0.27.0-1-g7a089689b8 (webtiles) character file.

Game seed: 17878485123505671782

4882 robertstho the Protected (level 10, -23/64 HPs)
             Began as a Gargoyle Fighter on Aug 6, 2021.
             Was a Follower of the Shining One.
             Annihilated by a white ugly thing (35 damage)
             ... on level 8 of the Dungeon.
             The game lasted 00:10:28 (6611 turns).

robertstho the Protected (Gargoyle Fighter)         Turns: 6611, Time: 00:10:28

Health: -23/64     AC: 34    Str: 24    XL:     10   Next: 50%
Magic:  12/12      EV:  6    Int:  8    God:    the Shining One [*.....]
Gold:   438        SH: 11    Dex: 11    Spells: 9/9 levels left

rFire    . . .     SeeInvis .   y - +0 flail (vorpal)
rCold    . . .     Faith    .   c - +0 kite shield
rNeg     + . .     Spirit   .   B - +8 plate armour of Refuph {Dex+2 Stlth+}
rPois    ∞         Reflect  .   (no helmet)
rElec    +         Harm     .   (no cloak)
rCorr    +         Rampage  .   (no gloves)
Will     .....                  s - +0 pair of boots
Stlth    ..........             h - amulet of regeneration
HPRegen  1.20/turn              g - +4 ring of protection
MPRegen  0.13/turn              i - ring of resist corrosion

@: glowing
A: sickness immunity, AC +7, negative energy resistance 1, electricity
resistance, torment resistance 1, petrification resistance
a: Renounce Religion


You were on level 8 of the Dungeon.
You worshipped the Shining One.
The Shining One was aware of your devotion.
You visited 2 branches of the dungeon, and saw 9 of its levels.
You also visited: Sewer.

You collected 438 gold pieces.

Inventory:

Hand Weapons
 y - a +0 vorpal flail (weapon)
 z - the +9 quarterstaff "Wamm" {elec, Will- MP+9 Dex+2}
   (You found it on level 3 of the Dungeon)

   It occasionally discharges a powerful burst of electricity upon striking a
   foe.
   Dex:       It affects your dexterity (+2).
   MP:        It affects your magic capacity (+9).
   Will:      It decreases your willpower.
Missiles
 v - a throwing net (quivered)
Armour
 c - a +0 kite shield (worn)
 s - a +0 pair of boots (worn)
 B - the +8 plate armour of Refuph (worn) {Dex+2 Stlth+}
   (You found it on level 3 of the Dungeon)

   Dex:       It affects your dexterity (+2).
   Stlth:     It makes you more stealthy.
Jewellery
 g - a +4 ring of protection (left hand)
 h - an amulet of regeneration (around neck)
 i - a ring of resist corrosion (right hand)
 A - an amulet of magic regeneration
Wands
 t - a wand of acid (9)
 u - a wand of mindburst (28)
 x - a wand of polymorph (11)
Scrolls
 a - a scroll of summoning {unknown}
 d - a scroll of holy word {unknown}
 e - 3 scrolls of teleportation
 l - 2 scrolls of fog
 o - a scroll of magic mapping
 p - 3 scrolls of enchant weapon
 q - a scroll of brand weapon
 r - a scroll of fear
 w - 2 scrolls of vulnerability
 D - a scroll of identify
Potions
 b - a potion of magic {unknown}
 f - 2 potions of mutation
 j - a potion of flight {unknown}
 k - a potion of brilliance {unknown}
 m - 4 potions of heal wounds {unknown}
 n - 3 potions of lignification {unknown}
 C - 2 potions of degeneration {unknown}


   Skills:
 * Level 8.1 Fighting
 + Level 7.7 Maces & Flails
 * Level 9.0 Armour
 + Level 2.7 Dodging
 + Level 8.1 Shields
 * Level 3.3 Invocations
 + Level 0.1 Evocations


You had 9 spell levels left.
You didn't know any spells.
Your spell library contained the following spells:

 Spells                   Type           Power      Damage    Failure   Level
 Beastly Appendage        Tmut           0%         N/A       100%        1
 Sandblast                Erth           0%         2d4       100%        1
 Sting                    Tmut/Pois      0%         1d3       100%        1
 Passwall                 Tmut/Erth      0%         N/A       100%        2
 Poisonous Vapours        Pois/Air       0%         N/A       100%        2
 Wereblood                Tmut           0%         N/A       100%        2
 Gell's Gravitas          Tloc           0%         N/A       100%        3
 Lesser Beckoning         Tloc           0%         N/A       100%        3
 Spider Form              Tmut/Pois      0%         N/A       100%        3
 Stone Arrow              Conj/Erth      0%         3d7       100%        3
 Teleport Other           Tloc           0%         N/A       100%        3
 Olgreb's Toxic Radiance  Pois           0%         N/A       100%        4
 Petrify                  Tmut/Erth      0%         N/A       100%        4
 Bolt of Magma            Conj/Fire/Erth 0%         4d4       100%        5
 Irradiate                Conj/Tmut      0%         3d13      100%        5
 Lee's Rapid Deconstruct  Erth           0%         3d5*      100%        5
 Shatter                  Erth           0%         3d5*      100%        9
 Sublimation of Blood     Necr           Unusable   N/A       N/A         2

Dungeon Overview and Level Annotations

Branches:
Dungeon (8/15)             Temple (1/1) D:6           Sewer (visited)
   Lair: D:8-11

Altars:
Ashenzari
Fedhas
Gozag
Hepliaklqana
Kikubaaqudgha
Makhleb
Nemelex Xobeh
Okawaru
Trog
Uskayaw
Wu Jian
Yredelemnul
Zin
The Shining One

Shops:
D:4 (

Annotations:
D:3 plate armour
D:6 Prince Ribbit


Innate Abilities, Weirdness & Mutations

You are immune to sickness and miasma.
Your stone body is resilient. (AC +7)
You are immune to poison.
You resist negative energy. (rN+)
You are resistant to electric shocks. (rElec)
You are resistant to unholy torment.
You are immune to petrification.


Message History

You sock the white ugly thing!
The white ugly thing is heavily wounded.
The white ugly thing bites you. The white ugly thing freezes you!!
You sock the white ugly thing!
The white ugly thing is heavily wounded.
You block the white ugly thing's attack.
The white ugly thing bites you but does no damage.
You hit the white ugly thing but do no damage.
The white ugly thing is heavily wounded.
The white ugly thing bites you but does no damage.
You hit the white ugly thing.
The white ugly thing is severely wounded.
The white ugly thing bites you! The white ugly thing freezes you!
* * * LOW HITPOINT WARNING * * *
You are too injured to fight recklessly!
You are too injured to fight recklessly!
You are too injured to fight recklessly!
You are too injured to fight recklessly!
You are too injured to fight recklessly!
You are too injured to fight recklessly!
You are too injured to fight recklessly!
You are too injured to fight recklessly!
You are too injured to fight recklessly!
You are too injured to fight recklessly!
You are too injured to fight recklessly!
You are too injured to fight recklessly!
You are too injured to fight recklessly!
You are too injured to fight recklessly!
You are too injured to fight recklessly!
You are too injured to fight recklessly!
You are too injured to fight recklessly!
You are too injured to fight recklessly!
You are too injured to fight recklessly!
You are too injured to fight recklessly!
You are too injured to fight recklessly!
The white ugly thing bites you!
* * * LOW HITPOINT WARNING * * *
The white ugly thing freezes you!!
Ouch! That really hurt!
You die...

######### #........ #. #.#
#. #.# #^ #O# #. #.#
######.####O# #.
.....#.#.u..##.. #
#....@#####.####### #
######..######.#.....##. .
........<...##.......... #
#######.................
## ####.#............ ..
#.................> #
#####..............
#................ ##
.#.......#.##..#..........


You could see a white ugly thing and a two-headed ogre.

Vanquished Creatures
  2 cyclopes (D:7)
  A shadow (D:7)
  Menkaure (D:3)
  Edmund (D:6)
  An acid dragon (D:8)
  A water moccasin (D:5)
  2 orc warriors (D:7)
  4 black bears
  A hornet zombie (D:7)
  4 ice beasts
  A sky beast (D:7)
  3 ogres
  3 centaurs
  3 phantoms
  A kobold brigand (D:8)
  5 bullfrogs
  A gnoll sergeant (D:7)
  2 scorpions
  A wyvern zombie (D:7)
  A water moccasin skeleton (D:6)
  6 killer bees (D:6)
  5 wights (D:8)
  A jelly (D:6)
  3 hounds
  2 iguanas (D:6)
  A scorpion zombie (D:3)
  An orc wizard (D:6)
  A killer bee zombie (D:7)
  14 gnolls
  12 adders
  A worm (D:2)
  2 dart slugs
  11 orcs
  2 endoplasms
  6 giant cockroaches (Sewer)
  4 goblins
  3 hobgoblins
  2 jackals (D:1)
  14 kobolds
  10 quokkas
  7 ball pythons
  3 bats
  5 frilled lizards
  A jackal skeleton (D:3)
  A quokka skeleton (D:4)
  5 rats
162 creatures vanquished.

Notes
Turn   | Place    | Note
-------+----------+-------------------------------------------
     0 | D:1      | robertstho the Gargoyle Fighter began the quest for the
                  | Orb.
     0 | D:1      | Reached XP level 1. HP: 14/14 MP: 1/1
    39 | D:1      | Found a faded altar of an unknown god.
   242 | D:1      | Reached XP level 2. HP: 19/19 MP: 2/2
   757 | D:2      | Reached XP level 3. HP: 24/24 MP: 3/3
  1143 | D:2      | Reached XP level 4. HP: 27/29 MP: 4/4
  1375 | D:3      | Reached skill level 4 in Armour
  1425 | D:3      | Found an ancient bone altar of Kikubaaqudgha.
  1436 | D:3      | Noticed Menkaure
  1438 | D:3      | Found a basalt altar of Yredelemnul.
  1443 | D:3      | Found a transporter.
  1455 | D:3      | Noticed a phantom
  1458 | D:3      | Found a transporter.
  1561 | D:3      | Reached XP level 5. HP: 33/33 MP: 5/5
  1959 | D:3      | Found an iron altar of Okawaru.
  2096 | D:4      | Found a glowing drain.
  2122 | Sewer    | Entered a sewer
  2341 | Sewer    | Reached XP level 6. HP: 33/39 MP: 6/6
  2394 | Sewer    | Reached skill level 1 in Dodging
  2881 | D:4      | Found a sparkling altar of Nemelex Xobeh.
  2988 | D:4      | You fall into a shaft and drop 1 floor!
  2988 | D:5      | Entered Level 5 of the Dungeon
  3001 | D:5      | Noticed a black bear
  3010 | D:5      | Reached skill level 5 in Armour
  3013 | D:5      | Killed a black bear
  3014 | D:5      | Reached skill level 5 in Fighting
  3014 | D:5      | Reached XP level 7. HP: 23/44 MP: 7/7
  3047 | D:5      | Found a glowing silver altar of Zin.
  3144 | D:5      | Reached skill level 5 in Shields
  3277 | D:4      | Found Caocw's Weapon Shoppe.
  4071 | D:5      | Reached skill level 6 in Armour
  4176 | D:5      | Reached XP level 8. HP: 50/50 MP: 8/8
  4532 | D:5      | Reached skill level 5 in Maces & Flails
  4672 | D:6      | Noticed Edmund
  4691 | D:6      | Killed Edmund
  4704 | D:6      | Reached skill level 7 in Armour
  4832 | D:6      | Reached XP level 9. HP: 45/55 MP: 9/9
  4903 | D:6      | Found a staircase to the Ecumenical Temple.
  4906 | D:6      | Found the +8 storm bow {elec, penet}
  5121 | Temple   | Entered the Ecumenical Temple
  5127 | Temple   | Became a worshipper of the Shining One
  5228 | D:3      | Killed Menkaure
  5242 | D:3      | Identified the +9 quarterstaff "Wamm" {elec, Will- MP+9
                  | Dex+2}
  5250 | D:3      | Identified the +8 plate armour of Refuph {Dex+2 Stlth+}
  5334 | D:6      | Found a hide-covered altar of Uskayaw.
  5356 | D:6      | Noticed Prince Ribbit
  5601 | D:7      | Reached skill level 8 in Armour
  5624 | D:7      | Reached skill level 1 in Invocations
  5678 | D:7      | Found a bloodstained altar of Trog.
  5678 | D:7      | Found a blossoming altar of Fedhas.
  5798 | D:7      | Found an opulent altar of Gozag.
  5974 | D:7      | Reached XP level 10. HP: 56/63 MP: 11/11
  6083 | D:7      | Noticed a cyclops
  6083 | D:7      | Noticed a cyclops
  6083 | D:7      | Reached * piety under the Shining One
  6093 | D:7      | Killed a cyclops
  6150 | D:7      | Killed a cyclops
  6446 | D:8      | Reached skill level 9 in Armour
  6464 | D:8      | Found an ornate altar of the Wu Jian Council.
  6519 | D:8      | Found a broken altar of Ashenzari.
  6597 | D:8      | Noticed a white ugly thing
  6597 | D:8      | Noticed a two-headed ogre
  6611 | D:8      | Annihilated by a white ugly thing

Illustrated notes

Levels and vault maps discovered:
D:1:      dpeg_arrival_leaves_temple_mockup, layout_loops_ring,
          chequers_ecumenical_altar_island
D:2:      layout_basic, kennysheep_flooded_box, kennysheep_generic_room_2
D:3:      layout_loops_cross, gammafunk_temple_of_torment,
          kennysheep_okawaru_gauntlet
D:4:      layout_layer_cave, lemuel_crystal_altar, serial_shops, shop,
          portal_sewer_entry_d
D:5:      layout_cave_pods, zin_academy
D:6:      layout_rooms, mainiacjoe_overflow_surrounded_room,
          minmay_temple_entry_antechambers, minmay_quadrilaterals,
          uniq_prince_ribbit1, uniq_edmund
D:7:      minmay_blocky_corners, layout_basic, mainiacjoe_overflow_chevrons,
          nicolae_overflow_hidden_temple
D:8:      layout_rooms, nicolae_wu_jian_glorious_leap, lemuel_round_altar,
          kennysheep_small_circle, uniq_harold
Temple:   eino_wide_crystal_templ

Skill      XL: |  1  2  3  4  5  6  7  8  9 10 |
---------------+-------------------------------+-----
Fighting       | 4 5 6 7 8 |  8.1
Maces & Flails | 3 4 5 7 |  7.7
Armour         | 4 5 6 7 8 9 |  9.0
Shields        | 4 5 6 7 8 |  8.1
Dodging        | 1 2 |  2.7
Invocations    | 2 3 |  3.3
Evocations     | |  0.1

Action                   |  1- 3 |  4- 6 |  7- 9 | 10-12 || total
-------------------------+-------+-------+-------+-------++-------
Melee: Flail             |   119 |   267 |   409 |   103 ||   898
Evoke: Wand              |       |       |     2 |       ||     2
  Use: Scroll            |     2 |     2 |     6 |       ||    10
       Potion            |       |     1 |     2 |       ||     3
Armor: Scale mail        |    77 |   273 |   238 |       ||   588
       Plate armour      |       |       |    79 |    62 ||   141
Dodge: Dodged            |    42 |   141 |   154 |    26 ||   363
Block: Kite shield       |    73 |   222 |   365 |    65 ||   725
